 Dungeon Crawl Stone Soup version 0.30-a0-618-gd6c86c23d0 (webtiles) character file.

Game seed: 8063831381640159128

4532 wormed the Slicer (level 10, -3/71 (76) HPs)
             Began as a Vampire Gladiator on Jan 9, 2023.
             Was a Follower of Uskayaw.
             Slain by a fire elemental (11 damage)
             ... created by the fiery vengeance of Ignis
             ... in a bailey.
             The game lasted 00:15:06 (7153 turns).

wormed the Slicer (Vampire Gladiator)               Turns: 7153, Time: 00:15:07

HP:   -3/71 (76)    AC: 15    Str: 13    XL:     10   Next: 17%
MP:   0/11          EV: 16    Int: 11    God:    Uskayaw [*.....]
Gold: 529           SH:  0    Dex: 20    Spells: 9/9 levels left

rFire   . . .      SeeInvis +    a - +0 rapier
rCold   . . .      Faith    .    (no shield)
rNeg    . . .      Spirit   +    u - +0 troll leather armour {Pargi}
rPois   .          Reflect  .    c - +0 helmet
rElec   .          Harm     .    (no cloak)
rCorr   .          Rampage  .    n - +2 pair of gloves
Will    +....                    A - +2 pair of boots
Stlth   ++++                     z - amulet of guardian spirit
HPRegen 1.31/turn                E - +4 ring of protection
MPRegen 0.12/turn                (no ring)

@: flying, healing quickly, drained, fire susceptible
A: alive, fangs 3, see invisible, vampiric 2
a: Exsanguinate, Renounce Religion, Stomp


You were in a bailey.
You worshipped Uskayaw.
Uskayaw was noncommittal.
You visited 2 branches of the dungeon, and saw 11 of its levels.
You also visited: Bailey.

You collected 529 gold pieces.

Inventory:

Hand Weapons
 a - a +0 rapier (weapon)
 i - a +1 dagger of venom
Missiles
 d - 3 throwing nets
 e - a javelin
 m - 5 datura-tipped darts (quivered)
 y - 7 poisoned darts
Armour
 c - a +0 helmet (worn)
 n - a +2 pair of gloves (worn)
 u - a +0 troll leather armour (worn) {Pargi}
 A - a +2 pair of boots (worn)
Jewellery
 z - an amulet of guardian spirit (around neck)
 D - a ring of magical power
 E - a +4 ring of protection (left hand)
Wands
 q - a wand of polymorph (11)
 r - a wand of quicksilver (9)
 t - a wand of iceblast (10)
 w - a wand of charming (7)
Scrolls
 b - a scroll of immolation {unknown}
 g - a scroll of silence
 h - 4 scrolls of identify
 j - 3 scrolls of enchant weapon
 p - a scroll of teleportation
 C - 2 scrolls of fear
 G - a scroll of summoning {unknown}
Potions
 f - 5 potions of curing
 k - a potion of magic
 l - a potion of cancellation {unknown}
 o - 2 potions of invisibility
 s - 4 potions of degeneration
 v - 4 potions of mutation
 x - 2 potions of haste
 B - a potion of flight
 F - a potion of resistance {unknown}


   Skills:
 + Level 5.7 Fighting
 * Level 9.9 Short Blades
 + Level 5.3 Throwing
 + Level 7.3 Dodging
 + Level 9.1 Stealth
 + Level 1.8 Invocations


You had 9 spell levels left.
You didn't know any spells.
Your spell library contained the following spells:

 Spells                   Type           Power      Damage    Failure   Level
 Magic Dart               Conj           0%         1d3       41%         1
 Necrotise                Necr           0%         1d4       41%         1
 Call Imp                 Summ           0%         N/A       56%         2
 Cigotuvi's Dreadful Rot  Necr/Pois/Air  0%         N/A       56%         2
 Poisonous Vapours        Pois/Air       0%         N/A       56%         2
 Ignite Poison            Fire/Tmut/Pois 0%         N/A       80%         3
 Mephitic Cloud           Conj/Pois/Air  0%         N/A       80%         3
 Vampiric Draining        Necr           0%         2d6       80%         3
 Sticky Flame             Conj/Fire      0%         2d3       99%         4
 Agony                    Necr           0%         N/A       100%        5
 Blade Hands              Tmut           0%         N/A       100%        5
 Freezing Cloud           Conj/Ice/Air   0%         6-21      100%        5
 Irradiate                Conj/Tmut      0%         3d11      100%        5
 Simulacrum               Ice/Necr       0%         N/A       100%        6
 Dragon Form              Tmut           0%         N/A       100%        7
 Ignition                 Fire           0%         3d3       100%        8
 Polar Vortex             Ice            0%         N/A       100%        9


Dungeon Overview and Level Annotations

Branches:
Dungeon (11/15)            Temple (1/1) D:7          Bailey (1/1)
   Lair: D:8-11         Orc: D:9-12

Altars:
Ashenzari
Cheibriados
Dithmenos
Fedhas
Gozag
Kikubaaqudgha
Makhleb
Nemelex Xobeh
Okawaru
Qazlal
Ru
Sif Muna
Trog
Uskayaw
Vehumet
Wu Jian
Xom
Yredelemnul
Ignis

Shops:
D:8 ::!:

Annotations:
D:8 3 runed translucent doors, CraigOfTheCreek's ghost, novice MiBe


Innate Abilities, Weirdness & Mutations

Your natural rate of healing is accelerated.
You have razor-sharp teeth.
You have supernaturally acute eyesight. (SInv)
You are afflicted with vampirism and can become a bat while bloodless.


Message History

You hit the fire elemental.
The fire elemental is moderately damaged.
The fire elemental misses you. The fire elemental hits you.
The fire elemental burns you!
You barely miss the fire elemental.
The fire elemental is moderately damaged.
The fire elemental completely misses you.
The fire elemental hits you. The fire elemental burns you!
You puncture the fire elemental!
The fire elemental is heavily damaged.
The fire elemental hits you. The fire elemental burns you!
The fire elemental hits you. The fire elemental burns you!
You closely miss the fire elemental.
The fire elemental is heavily damaged.
The fire elemental hits you. The fire elemental burns you!
The fire elemental closely misses you.
You enter the shallow water.
Moving in this stuff is going to be slow.
The fire elemental barely misses you. The fire elemental hits you.
The fire elemental burns you! The fire elemental hits you.
The fire elemental burns you! The fire elemental barely misses you.
The orc knight is engulfed in blazing flames.
The fire elemental hits you. The fire elemental burns you!
* * * LOW HITPOINT WARNING * * *
The fire elemental hits you. The fire elemental burns you!
* * * LOW HITPOINT WARNING * * *
Things that are here:
a boomerang; a kobold corpse You feel very buoyant.
You fly up into the air.
The fire elemental closely misses you. x2
The orc knight is engulfed in blazing flames.
The orc knight roars a battlecry!
The orc warrior goes into a battle-frenzy!
The fire elemental hits you. The fire elemental burns you!
* * * LOW HITPOINT WARNING * * *
The fire elemental completely misses you.
You see here a boomerang.
The fire elemental hits you. The fire elemental burns you!
You die...

##...................
#...........(........
#..8).8.............8
#....................
##......####...####.K
♣##....## ~#####~~ #.
♣.##...# }!8.o.8![~ .
♣♣..###)# .........~
♣...~@()# ♣♣...~~EE#
♣∩...~~°○# ♣♣...~§~o#
♣...~§~.# ♣♣..###K##
♣.##..og# ♣##.....#
#......#


You could see an orc knight, 2 fire elementals, an orc warrior (strong), a gnoll
and a kobold.

Vanquished Creatures
  A two-headed ogre (D:4)
  Joseph (D:7)
  Sigmund (D:4)
  7 fire elementals (D:8)
  A water moccasin (D:7)
  2 sky beasts
  Pargi (D:3)
  2 orc warriors
  2 black bears
  2 ice beasts
  2 ogres
  A phantom (D:5)
  A centaur (D:7)
  2 scorpions (D:6)
  4 bullfrogs
  3 necrophages
  11 wights
  A howler monkey (D:7)
  An electric eel (D:8)
  3 orc priests
  5 hounds
  3 jellies
  2 gnoll boudas
  Ijyb (D:3)
  3 iguanas (D:7)
  6 orc wizards
  Natasha (thrice) (D:2)
  Robin (D:3)
  11 gnolls
  8 adders
  2 white imps
  An ufetubus (D:5)
  2 dart slugs
  32 orcs
  6 endoplasms
  4 giant cockroaches
  15 goblins
  8 hobgoblins
  15 kobolds
  A quokka (D:4)
  10 ball pythons
  A bat (D:2)
  3 frilled lizards
  6 rats
198 creatures vanquished.

Vanquished Creatures (collateral kills)
  An endoplasm (D:4)
1 creature vanquished.

Vanquished Creatures (others)
  127 foxfires
127 creatures vanquished.

Grand Total: 326 creatures vanquished

Notes
Turn   | Place    | Note
-------+----------+-------------------------------------------
     0 | D:1      | wormed the Vampire Gladiator began the quest for the Orb.
     0 | D:1      | Reached XP level 1. HP: 16/16 MP: 1/1
    51 | D:1      | You fall into a shaft and drop 1 floor!
   393 | D:1      | Reached XP level 2. HP: 22/22 MP: 2/2
   474 | D:2      | Reached skill level 1 in Stealth
   500 | D:2      | Found a blossoming altar of Fedhas.
   574 | D:2      | Gained mutation: You are afflicted with vampirism and can
                  | become a bat while bloodless. [Vampire growth]
   574 | D:2      | Reached XP level 3. HP: 7/27 MP: 3/3
   791 | D:2      | Noticed Natasha
   805 | D:2      | Killed Natasha
   806 | D:2      | Reached XP level 4. HP: 26/33 MP: 4/4
   887 | D:2      | Noticed Natasha
   906 | D:2      | Killed Natasha
   957 | D:2      | Noticed Natasha
   968 | D:2      | Killed Natasha
  1104 | D:2      | Found a faded altar of an unknown god.
  1172 | D:2      | Prayed at the altar of an unknown god.
  1172 | D:2      | Became a worshipper of Ignis, the Dying Flame
  1335 | D:3      | Noticed Ijyb
  1353 | D:3      | Killed Ijyb
  1354 | D:3      | Reached XP level 5. HP: 38/39 MP: 5/5
  1427 | D:3      | Noticed Robin
  1444 | D:3      | Killed Robin
  1928 | D:3      | Noticed Pargi
  1930 | D:3      | Killed Pargi
  1931 | D:3      | Reached skill level 5 in Short Blades
  1931 | D:3      | Reached XP level 6. HP: 46/46 MP: 6/6
  2103 | D:4      | Noticed a two-headed ogre
  2111 | D:4      | Killed a two-headed ogre
  2112 | D:4      | Reached skill level 5 in Dodging
  2112 | D:4      | Reached skill level 5 in Stealth
  2112 | D:4      | Reached XP level 7. HP: 53/53 MP: 7/7
  2112 | D:4      | Reached XP level 8. HP: 60/60 MP: 8/8
  2216 | D:4      | Noticed Sigmund
  2272 | D:4      | Killed Sigmund
  2654 | D:5      | Entered Level 5 of the Dungeon
  3245 | D:5      | Found a stormy altar of Qazlal.
  3580 | D:6      | Reached XP level 9. HP: 63/66 MP: 7/9
  4677 | D:7      | Reached skill level 5 in Fighting
  4681 | D:7      | Noticed Joseph
  4735 | D:7      | Found a staircase to the Ecumenical Temple.
  4754 | D:7      | Killed Joseph
  4884 | Temple   | Entered the Ecumenical Temple
  4913 | Temple   | Fell from the grace of Ignis
  4913 | Temple   | Became a worshipper of Uskayaw the Reveller
  4965 | D:7      | Reached * piety under Uskayaw
  4971 | D:7      | Reached ** piety under Uskayaw
  4981 | D:7      | Reached *** piety under Uskayaw
  5020 | D:7      | Reached skill level 5 in Throwing
  5088 | D:7      | Reached skill level 1 in Invocations
  5718 | D:8      | Found Teze's Book Shoppe.
  5719 | D:8      | Found Odoj Saq's Book Emporium.
  5774 | D:8      | Found Pamniamu's Distillery.
  5776 | D:8      | Found Monuomoist's Book Boutique.
  5844 | D:8      | Reached **** piety under Uskayaw
  5860 | D:8      | Reached ***** piety under Uskayaw
  5861 | D:8      | Reached XP level 10. HP: 61/74 MP: 9/11
  5932 | D:8      | Found a runed translucent gate.
  5932 | D:8      | Found a runed translucent gate.
  5933 | D:8      | Found a runed translucent gate.
  5934 | D:8      | Noticed CraigOfTheCreek's ghost (novice MiBe)
  6447 | D:8      | You fall into a shaft and drop 2 floors!
  6447 | D:10     | Entered Level 10 of the Dungeon
  6873 | D:10     | You fall into a shaft and drop 1 floor!
  6898 | D:11     | Noticed a cyclops
  7036 | D:10     | Found a flagged portal.
  7054 | Bailey   | Entered a bailey
  7059 | Bailey   | Noticed an orc warlord
  7136 | Bailey   | Noticed an orc knight
  7153 | Bailey   | Slain by a fire elemental

Illustrated notes

Levels and vault maps discovered:
D:1:      lemuel_arrival_funnel, layout_rooms
D:2:      layout_rooms, basic_altar, shapermc_ecumenical_altar_mp_vishouse,
          grunt_decor_junction, uniq_natasha
D:3:      layout_loops_ring, kennysheep_generic_room_14, uniq_robin, uniq_ijyb,
          uniq_pargi
D:4:      minmay_chambers_of_twos, layout_cave_pools, uniq_sigmund
D:5:      layout_rooms, kennysheep_mini, minmay_misc_feat_secret_circle
D:6:      layout_layer_cave
D:7:      layout_loops_ring, minmay_temple_entry_antechambers, abandoned_shop,
          uniq_joseph
D:8:      layout_basic, kennysheep_little_box, gammafunk_ghost_ooze,
          nicolae_wooded_promenade
D:10:     layout_cave_pods, enter_bailey_1, serial_co_window_serial,
          co_window_corner_a, co_window_of_opportunity_a, co_window_corner_a,
          co_window_of_opportunity_a, co_window_corner_a,
          co_window_of_opportunity_c, co_window_broadway_a,
          co_window_broadway_b, co_window_unsneaky_path_b, co_window_corner_b,
          co_window_cross_3, co_window_2corner, glass_columns_b,
          glass_columns_c, glass_columns_a, glass_columns_c
D:11:     layout_cave_pools, grunt_lair_entry_orc_guard_hut, david_orc_4,
          kiku_gazebo_pond_becter
Temple:   hellmonk_temple_of_storms
Bailey:   bailey_axe_bossmonster_kennysheep, bailey

Skill      XL: |  1  2  3  4  5  6  7  8  9 10 |
---------------+-------------------------------+-----
Stealth        | 1 2 3 5 7 8 9 |  9.1
Fighting       | 2 3 4 5 |  5.7
Short Blades   | 4 5 6 8 9 |  9.9
Throwing       | 2 3 4 5 |  5.3
Dodging        | 4 5 6 7 |  7.3
Invocations    | 1 |  1.8

Action                   |  1- 3 |  4- 6 |  7- 9 | 10-12 || total
-------------------------+-------+-------+-------+-------++-------
Melee: Rapier            |    14 |       |       |   139 ||   153
       Dagger            |    60 |    82 |   494 |    52 ||   688
       Bite              |     6 |     5 |    74 |    25 ||   110
       Punch             |     1 |     3 |     6 |     2 ||    12
       Unarmed           |       |    14 |       |     9 ||    23
Throw: Throwing net      |     3 |       |     1 |       ||     4
       Dart              |       |       |     3 |       ||     3
Invok: Foxfire Swarm     |       |     8 |       |       ||     8
       Rising Flame      |       |       |     1 |       ||     1
  Use: Potion            |     4 |       |       |    11 ||    15
       Scroll            |     1 |       |    14 |     1 ||    16
 Stab: Sleeping          |       |     3 |    15 |     3 ||    21
       Held in net/web   |       |       |     1 |       ||     1
       Paralysed         |       |       |     4 |     6 ||    10
       Distracted        |       |       |     1 |       ||     1
       Invisible         |       |       |       |     2 ||     2
Armor: Leather armour    |    36 |     9 |       |       ||    45
       Skin              |       |     1 |       |    15 ||    16
       Troll leather arm |       |     2 |    73 |    69 ||   144
Dodge: Dodged            |    78 |    48 |   222 |   118 ||   466

Table legend: (Time is in decaauts)
 A = Elapsed time spent in this place.
 B = Non-inter-level travel time spent in this place.
 C = Inter-level travel time spent in this place.
 D = Time resting spent in this place.
 E = Time spent auto-exploring this place.
 F = Levels seen in this place.
 G = Mean time per level.
                   A        B        C        D        E       F      G
               +--------+--------+--------+--------+--------+-----+--------+
         Total |   6845 |   6578 |    267 |     35 |   5007 |  12 |  570.4 |
       Dungeon |   6718 |   6451 |    267 |     35 |   4987 |  10 |  671.8 |
        Temple |     40 |     40 |      0 |      0 |     11 |   1 |   40.0 |
        Bailey |     86 |     86 |      0 |      0 |      9 |   1 |   86.0 |
               +--------+--------+--------+--------+--------+-----+--------+

Top non-repeatable levels by time:
     D:6: 1221 daAuts
     D:7: 889 daAuts
     D:3: 807 daAuts
     D:2: 754 daAuts
     D:8: 745 daAuts
     D:5: 661 daAuts
     D:4: 619 daAuts
    D:10: 564 daAuts
     D:1: 421 daAuts
  Bailey: 86 daAuts
  Temple: 40 daAuts
    D:11: 33 daAuts
